 Dungeon Crawl Stone Soup version 0.28.0-43-g3370ac3207 (webtiles) character file.

Game seed: 12461606433238832787

212 Ablot the Grasshopper (level 5, -3/43 HPs)
             Began as a Gnoll Warper on Mar 6, 2022.
             Slain by a troll (12 damage)
             ... on level 4 of the Dungeon.
             The game lasted 00:06:24 (6128 turns).

Ablot the Grasshopper (Gnoll Warper)                Turns: 6128, Time: 00:06:25

Health: -3/43      AC:  4    Str: 12    XL:     5   Next: 89%
Magic:  12/12      EV: 13    Int: 18    God:
Gold:   169        SH:  0    Dex: 12    Spells: 12/14 levels left

rFire   + . .      SeeInvis .   s - +4 short sword
rCold   . . .      Faith    .   (no shield)
rNeg    . . .      Spirit   .   b - +0 leather armour {rF+}
rPois   .          Reflect  .   (no helmet)
rElec   .          Harm     .   (no cloak)
rCorr   .          Rampage  .   (no gloves)
Will    .....                   q - +0 pair of boots
Stlth   ++........              o - amulet of magic regeneration
HPRegen 0.14/turn               i - +6 ring of intelligence
MPRegen 0.53/turn               (no ring)

@: no status effects
A: fangs 1, strong nose, distributed training
a: no special abilities


You were on level 4 of the Dungeon.
You visited 1 branch of the dungeon, and saw 5 of its levels.

You collected 169 gold pieces.

Inventory:

Hand Weapons
 a - a +0 spear
 s - a +4 short sword (weapon)
 x - a +0 hunting sling
Missiles
 d - 5 boomerangs of dispersal
 f - 128 stones
 h - 4 boomerangs (quivered)
 n - 38 arrows
 y - 19 sling bullets
Armour
 b - a +0 leather armour of fire resistance (worn)
 q - a +0 pair of boots (worn)
Jewellery
 i - a +6 ring of intelligence (left hand)
 o - an amulet of magic regeneration (around neck)
Wands
 v - a wand of paralysis (12)
Scrolls
 c - a scroll of blinking
 e - a scroll of fear {unknown}
 g - 3 scrolls of teleportation {unknown}
 j - a scroll of enchant weapon {unknown}
 k - a scroll of summoning {unknown}
 l - a scroll of identify {unknown}
 u - a scroll of immolation {unknown}
 w - a scroll of magic mapping {unknown}
 A - a scroll of fog {unknown}
Potions
 m - a potion of degeneration {unknown}
 p - 2 potions of curing {unknown}
 r - a potion of attraction {unknown}
 t - a potion of invisibility {unknown}
 z - a potion of haste {unknown}


   Skills:
 + Level 4.8 Fighting
 + Level 1.6 Short Blades
 + Level 1.6 Long Blades
 + Level 1.6 Axes
 + Level 1.6 Maces & Flails
 + Level 4.8 Polearms
 + Level 1.6 Staves
 + Level 1.6 Slings
 + Level 1.6 Bows
 + Level 1.6 Crossbows
 + Level 3.1 Throwing
 + Level 3.1 Armour
 + Level 4.8 Dodging
 + Level 1.6 Stealth
 + Level 1.6 Shields
 + Level 1.6 Unarmed Combat
 + Level 5.2 Spellcasting
 + Level 1.3 Conjurations
 + Level 1.3 Hexes
 + Level 1.3 Summonings
 + Level 1.3 Necromancy
 + Level 5.6 Translocations
 + Level 1.3 Transmutations
 + Level 1.3 Fire Magic
 + Level 1.3 Ice Magic
 + Level 1.3 Air Magic
 + Level 1.3 Earth Magic
 + Level 1.3 Poison Magic
 + Level 1.9 Invocations
 + Level 1.6 Evocations


You had 12 spell levels left.
You knew the following spells:

 Your Spells              Type           Power      Damage    Failure   Level
a - Blink                 Tloc           48%        N/A       2%          2

Your spell library contained the following spells:

 Spells                   Type           Power      Damage    Failure   Level
 Gell's Gravitas          Tloc           24%        N/A       4%          3
 Lesser Beckoning         Tloc           24%        N/A       4%          3
 Teleport Other           Tloc           24%        N/A       4%          3
 Magic Dart               Conj           36%        1d4       10%         1
 Call Imp                 Summ           9%         N/A       14%         2
 Mephitic Cloud           Conj/Pois/Air  9%         N/A       28%         3
 Manifold Assault         Tloc           24%        N/A       41%         5
 Summon Ice Beast         Ice/Summ       9%         N/A       67%         4
 Summon Mana Viper        Hex/Summ       9%         N/A       95%         5
 Monstrous Menagerie      Summ           4%         N/A       100%        7


Dungeon Overview and Level Annotations

Branches:
Dungeon (5/15)
 Temple: D:4-7

Altars:


Innate Abilities, Weirdness & Mutations

You have very sharp teeth.
Your uncanny sense of smell can sniff out nearby items.
Your experience applies equally to all skills.


Message History

You hit the kobold.
You kill the kobold!
You now have 169 gold pieces (gained 25).
Things that are here:
a +0 falchion; a kobold corpse You see here a +0 ring mail.
You start resting.
HP restored.
There is a stone staircase leading down, spattered with blood here.
You climb downwards.
The gnoll shouts!
The orc priest calls down the wrath of Beogh upon you.
Pain shoots through your body! The troll bites you. The troll claws you.
The troll claws you but does no damage.
There is a stone staircase leading up, spattered with blood here.
Unknown command.
The adder zombie bites you. The troll bites you! The troll claws you.
The troll claws you!
* * * LOW HITPOINT WARNING * * *
You climb upwards.
There is a stone staircase leading down, spattered with blood here.
Casting: Blink (safe; 2% risk of failure)
Confirm with . or Enter, or press ? or * to list all spells.
You blink.
Throw: 4 boomerangs
Press: ? - help, Q - select action, (/) - cycle Shift-Dir - straight line, f - troll
Aim: a troll (60% to hit)
You throw a boomerang. The boomerang barely misses the troll.
Unknown command.
Throw: 4 boomerangs
Press: ? - help, Q - select action, (/) - cycle Shift-Dir - straight line, f/p - troll
Aim: a troll (60% to hit)
You throw a boomerang. The boomerang hits the troll.
The troll is lightly wounded.
Unknown command.
You hit the troll. Your punch misses the troll.
The troll is lightly wounded.
You feel stable enough to blink again. The troll bites you!
You die...

####### #.# #.........##...# #.#
###.......#....# #.#
#...#####....# ###.# #[..# #.####
##...### #...# #....# #####
#......# #...# #.#..#
....###..###.#######...#####.#..#
....##......)##..............##..
.....[....)>..[T@............##..
....##....##)##.<...........###..
....##...###.#####.#....##### #..
######.........# #.#....# ##. ###
#.......#.# #.#....# ## ..#
###....##.# #.#....# #.#
####.##.##.# #.#....#
#.###.......##.# #......#
.......#.......# #.##.#.# #


You could see a troll.

Vanquished Creatures
  2 hound skeletons (D:4)
  A howler monkey zombie (D:4)
  5 gnolls
  An adder skeleton (D:4)
  2 worms
  A dart slug (D:1)
  11 orcs (D:4)
  7 ball pythons
  13 bats
  8 endoplasms
  5 giant cockroaches
  5 goblins
  7 hobgoblins
  7 jackals
  5 quokkas
  6 frilled lizards
  6 kobolds
  8 rats
100 creatures vanquished.

Notes
Turn   | Place    | Note
-------+----------+-------------------------------------------
     0 | D:1      | Ablot the Gnoll Warper began the quest for the Orb.
     0 | D:1      | Reached XP level 1. HP: 20/20 MP: 6/6
   128 | D:1      | Reached XP level 2. HP: 13/26 MP: 7/7
   150 | D:1      | Learned a level 2 spell: Blink
   701 | D:1      | Reached XP level 3. HP: 31/31 MP: 9/9
   740 | D:1      | Reached skill level 5 in Spellcasting
   799 | D:1      | Found a faded altar of an unknown god.
  1269 | D:2      | Reached skill level 1 in Invocations
  1879 | D:1      | Reached skill level 1 in Short Blades
  1879 | D:1      | Reached skill level 1 in Long Blades
  1879 | D:1      | Reached skill level 1 in Axes
  1879 | D:1      | Reached skill level 1 in Maces & Flails
  1879 | D:1      | Reached skill level 1 in Staves
  1879 | D:1      | Reached skill level 1 in Slings
  1879 | D:1      | Reached skill level 1 in Bows
  1879 | D:1      | Reached skill level 1 in Crossbows
  1879 | D:1      | Reached skill level 1 in Stealth
  1879 | D:1      | Reached skill level 1 in Shields
  1879 | D:1      | Reached skill level 1 in Unarmed Combat
  1879 | D:1      | Reached skill level 1 in Evocations
  1879 | D:1      | Reached XP level 4. HP: 10/38 MP: 7/11
  2922 | D:2      | Reached skill level 1 in Conjurations
  2922 | D:2      | Reached skill level 1 in Hexes
  2922 | D:2      | Reached skill level 1 in Summonings
  2922 | D:2      | Reached skill level 1 in Necromancy
  2922 | D:2      | Reached skill level 1 in Transmutations
  2922 | D:2      | Reached skill level 1 in Fire Magic
  2922 | D:2      | Reached skill level 1 in Ice Magic
  2922 | D:2      | Reached skill level 1 in Air Magic
  2922 | D:2      | Reached skill level 1 in Earth Magic
  2922 | D:2      | Reached skill level 1 in Poison Magic
  4290 | D:3      | Reached XP level 5. HP: 43/43 MP: 12/12
  5579 | D:5      | Entered Level 5 of the Dungeon
  5807 | D:5      | Noticed a troll
  5808 | D:5      | Noticed a black bear
  6128 | D:4      | Slain by a troll

Illustrated notes

Levels and vault maps discovered:
D:1:      minmay_arrival_diagonal_passages, layout_loops_cross,
          chequers_ecumenical_altar_simple_redux
D:2:      layout_basic
D:3:      layout_basic
D:4:      layout_loops_cross
D:5:      layout_cave_pools, mainiacjoe_overflow_six_doors_small,
          grunt_dithmenos_smoke_and_mirrors, nicolae_elyvilon_peaceful_grove

Skill      XL: |  1  2  3  4  5 |
---------------+----------------+-----
Spellcasting   | 5 |  5.2
Invocations    | 1 |  1.9
Short Blades   | 1 |  1.6
Long Blades    | 1 |  1.6
Axes           | 1 |  1.6
Maces & Flails | 1 |  1.6
Staves         | 1 |  1.6
Slings         | 1 |  1.6
Bows           | 1 |  1.6
Crossbows      | 1 |  1.6
Stealth        | 1 |  1.6
Shields        | 1 |  1.6
Unarmed Combat | 1 |  1.6
Evocations     | 1 |  1.6
Conjurations   | 1 |  1.3
Hexes          | 1 |  1.3
Summonings     | 1 |  1.3
Necromancy     | 1 |  1.3
Transmutations | 1 |  1.3
Fire Magic     | 1 |  1.3
Ice Magic      | 1 |  1.3
Air Magic      | 1 |  1.3
Earth Magic    | 1 |  1.3
Poison Magic   | 1 |  1.3
Throwing       | 3 |  3.1
Armour         | 3 |  3.1
Fighting       | |  4.8
Polearms       | |  4.8
Dodging        | |  4.8
Translocations | |  5.6

Action                   |  1- 3 |  4- 6 || total
-------------------------+-------+-------++-------
Melee: Spear             |   149 |   313 ||   462
       Bite              |    12 |    42 ||    54
       Punch             |     2 |     3 ||     5
       Short sword       |       |    12 ||    12
Throw: Boomerang         |     8 |     7 ||    15
 Cast: Blink             |     3 |     8 ||    11
 Stab: Sleeping          |       |     5 ||     5
Armor: Leather armour    |    29 |    56 ||    85
Dodge: Dodged            |    68 |   152 ||   220
